 Dungeon Crawl Stone Soup version 0.29.1-15-g9cfb28693d (webtiles) character file.

Game seed: 10360016091413631735

5 DemonSlayer the Digger (level 1, -1/13 HPs)
             Began as a Demonspawn Earth Elementalist on Feb 24, 2023.
             Slain by a kobold
             ... wielding a +4 whip
              (4 damage)
             ... on level 1 of the Dungeon.
             The game lasted 00:00:28 (93 turns).

DemonSlayer the Digger (DsEE)                         Turns: 93, Time: 00:00:30

Health: -1/13      AC:  2    Str:  8    XL:     1   Next: 66%
Magic:  1/3        EV: 12    Int: 16    God:
Gold:   0          SH:  0    Dex: 13    Spells: 3/4 levels left

rFire   . . .      SeeInvis .   c - +0 short sword
rCold   . . .      Faith    .   (no shield)
rNeg    . . .      Spirit   .   a - +0 robe
rPois   .          Reflect  .   (no helmet)
rElec   .          Harm     .   (no cloak)
rCorr   .          Rampage  .   (no gloves)
Will    .....                   (no boots)
Stlth   ++........              (no amulet)
HPRegen 0.04/turn               (no ring)
MPRegen 0.08/turn               (no ring)

@: no status effects
A: no striking features
a: no special abilities


You were on level 1 of the Dungeon.
You visited 1 branch of the dungeon, and saw 1 of its levels.

Inventory:

Hand Weapons
 c - a +0 short sword (weapon)
Armour
 a - a +0 robe (worn)
Scrolls
 d - a scroll of teleportation {unknown}


   Skills:
 + Level 0.3 Short Blades
 + Level 1.7 Dodging
 + Level 1.7 Stealth
 + Level 2.1 Spellcasting
 + Level 0.8 Transmutations
 + Level 2.9 Earth Magic


You had 3 spell levels left.
You knew the following spells:

 Your Spells              Type           Power      Damage    Failure   Level
a - Sandblast             Erth           22%        2d7       6%          1

Your spell library contained the following spells:

 Spells                   Type           Power      Damage    Failure   Level
 Passwall                 Tmut/Erth      5%         N/A       14%         2
 Stone Arrow              Conj/Erth      12%        3d7       34%         3
 Petrify                  Tmut/Erth      7%         N/A       67%         4


Dungeon Overview and Level Annotations

Branches:
Dungeon (1/15)

Altars:


Message History

An endoplasm is nearby!
An endoplasm is nearby!
An endoplasm is nearby!
An endoplasm is nearby!
The endoplasm quivers.
A goblin comes into view. It is wielding a +0 dagger.
The blast of sand hits the endoplasm.
You kill the endoplasm!
You miscast Sandblast.
You are very lightly contaminated with residual magic.
Nothing appears to happen.
The goblin shouts!
You hear a shout!
A kobold comes into view. It is wielding a +4 whip.
The blast of sand hits the goblin!
You kill the goblin!
You are out of magic!
You are out of magic!
You are out of magic!
You are out of magic!
Magic courses through your body.
The blast of sand hits the kobold.
The kobold is severely wounded.
Your magical contamination has completely faded away.
The blast of sand misses the kobold.
The kobold hits you with a +4 whip!
Ouch! That really hurt!
A giant cockroach comes into view.
The kobold hits you with a +4 whip.
You are too injured to fight recklessly!
You are too injured to fight recklessly!
The kobold hits you with a +4 whip.
* * * LOW HITPOINT WARNING * * *
Casting: Sandblast (safe; 6% risk of failure)
Confirm with . or Enter, or press ? or * to list all spells.
Aiming: Sandblast (safe; 6% risk of failure)
Press: ? - help, Shift-Dir - straight line, f/p - kobold
Aim: a kobold, wielding a +4 whip (77% to hit)
The blast of sand hits the kobold.
The kobold is severely wounded.
The kobold hits you with a +4 whip.
You die...

#......#...#####.#.#
#.....#..######.#)#
#.#.......).##.#.#
#........##.......
###..#.#..........
#..#.#######.#.#
#.#######..#.# #.#.#
#......).....# #.#.#
.......@#..### #.# #
#######K#..... ..#
#.##.#### ### #.##..
#.##### #B# #.# ...


You could see a giant cockroach and a kobold.

Vanquished Creatures
  2 endoplasms (D:1)
  A goblin (D:1)
  A kobold (D:1)
4 creatures vanquished.

Notes
Turn   | Place    | Note
-------+----------+-------------------------------------------
     0 | D:1      | DemonSlayer the Demonspawn Earth Elementalist began the
                  | quest for the Orb.
     0 | D:1      | Reached XP level 1. HP: 13/13 MP: 3/3
    93 | D:1      | Slain by a kobold

Illustrated notes

Levels and vault maps discovered:
D:1:      tarquinn_simple_flora_water_d, layout_loops_ring,
          shapermc_ecumenical_altar_gd

Action                   || total
-------------------------++-------
Melee: Short sword       ||     4
 Cast: Sandblast         ||     8
  Use: Potion            ||     1
Armor: Robe              ||     2
Dodge: Dodged            ||     3
